Cogmind - Beta 14 @@@ ROGUE MODE // 2024.09.29 @ 01:08:25 Player: Lunace Result: Destroyed by D-53 Grenadier with Mini Grenade Launcher Performance ------------- Evolutions (0) 0 Regions Visited (2) 400 Robots Destroyed (11) 55 Value Destroyed (179) 179 Prototype IDs (0) 0 Alien Tech Used (0) 0 Bonus (0) 0 TOTAL SCORE: 634 Bonus ------- None Cogmind --------- Core Integrity 0/250 Matter 280/300 Energy 72/100 System Corruption 0% Temperature Cool (54) Movement Walking (190) Ox1 Location -10/Mines Parts ------- > --- POWER (1) -------- (None) > --- PROPULSION (2) --- Improved Aluminum Leg > --- UTILITY (2) ------ Medium Storage Unit > --- WEAPON (2) ------- Particle Gun Particle Gun > --- INVENTORY (10) --- Light Ion Engine Improved Aluminum Leg Seismic Detector Particle Gun Particle Gun Heavy Hammer Peak State ------------ > --- POWER ------------ Ion Engine > --- PROPULSION ------- Improved Aluminum Leg Improved Aluminum Leg > --- UTILITY ---------- Small Storage Unit Seismic Detector > --- WEAPON ----------- Particle Gun Particle Gun > --- INVENTORY -------- Light Ion Engine Improved Aluminum Leg Improved Aluminum Leg Small Laser Particle Gun Particle Gun [Rating: 12] Favorites ----------- Power Ion Engine Engine Ion Engine Propulsion Improved Aluminum Leg Treads Light Treads Leg Improved Aluminum Leg Utility Seismic Detector Device Seismic Detector Storage Small Storage Unit Protection Light Armor Plating Weapon Particle Gun Energy Gun Particle Gun Ballistic Gun Light Assault Rifle Impact Weapon Heavy Hammer Build | -11 -10 -10 ------- Run | Yrd Mat Min Slots Evolved . | . . . Power . | . . . Propulsion . | . . . Utility . | . . . Weapon . | . . . Parts Attached 20 | 7 6 7 Power 1 | 1 . . Engine 1 | 1 . . Core . | . . . Reactor . | . . . Propulsion 5 | 2 2 1 Treads 2 | 2 . . Leg 3 | . 2 1 Wheel . | . . . Hover . | . . . Flight . | . . . Utility 6 | 2 1 3 Device 2 | 1 . 1 Storage 2 | 1 1 . Processor . | . . . Hackware . | . . . Protection 2 | . . 2 Artifact . | . . . Weapon 8 | 2 3 3 Energy Gun 4 | . 2 2 Energy Cannon . | . . . Ballistic Gun 2 | 2 . . Ballistic Cannon . | . . . Launcher . | . . . Special Weapon . | . . . Impact Weapon 2 | . 1 1 Slashing Weapon . | . . . Piercing Weapon . | . . . Special Melee Weapon . | . . . Unidentified Prototypes . | . . . Parts Lost 4 | . . 4 Power 1 | . . 1 Propulsion 2 | . . 2 Utility 1 | . . 1 Weapon . | . . . Highest Loss Streak 4 | . . 4 To Critical Strikes . | . . . Average Slot Usage (%) 98 | . 99 97 Engine 13 | . 14 12 Leg 27 | . 27 28 Device 10 | . 14 4 Storage 14 | . 14 14 Protection 3 | . . 8 Energy Gun 19 | . 20 16 Impact Weapon 8 | . 6 11 Peak Build Rating 12 | 7 12 12 Average Rating 10 | 5 11 11 On Entrance 6 | . 7 12 Naked Turns . | . . . Heaviest Build 24 | 13 22 24 Greatest Support 40 | 40 40 26 Greatest Overweight (x) . | . . . Average Overweight (x) . | . . . Largest Inventory Capacity 10 | 8 10 10 Average Capacity 8 | 7 8 10 Most Carried 7 | 2 7 7 Average Carried 5 | 1 5 6 Final Capacity 10 | 8 10 10 Final Carried 7 | 2 7 6 Class Distribution -------------------- 100% | Mutant Dominant Class ---------------- Mutant | -10/Materials Mutant | -10/Mines Resources | -11 -10 -10 ----------- Run | Yrd Mat Min Matter Collected 384 | 261 83 40 Remotely . | . . . Salvage Created 326 | 80 172 74 Parts 16 | 6 10 . Haulers Intercepted 2 | . 2 . Recyclers Shooed 1 | 1 . . Parts Field Recycled . | . . . Retrieved Matter . | . . . Parts Self-Destructed . | . . . Prevented . | . . . Kills | -11 -10 -10 ------- Run | Yrd Mat Min Combat Hostiles Destroyed 5 | . 1 4 Melee 3 | . 1 2 Guns 1 | . . 1 Classes Destroyed 5 | 1 3 1 Tunneler 4 | 4 . . Hauler 2 | . 2 . Watcher 2 | . 2 . Grunt 3 | . 1 2 Assembled 2 | . . 2 Best Kill Streak 3 | 3 1 2 Combat Bots Only 2 | . 1 2 Max Kills in Single Turn 1 | 1 1 1 Gunslinging . | . . . Exploded . | . . . Melee 1 | . 1 1 Uniques/NPCs Destroyed . | . . . Combat | -11 -10 -10 -------- Run | Yrd Mat Min Hostile Shots Fired 39 | . 7 32 Missed 5 | . 2 3 Damage Taken 841 | . 57 784 Core 251 | . 11 240 Absorbed by Shields . | . . . Core Remaining (%) 100 | 100 . . Volleys Fired 29 | 12 7 10 Largest 2 | 2 2 2 Hottest 130 | 40 130 130 Shots Fired 55 | 24 14 17 Gun 55 | 24 14 17 Cannon . | . . . Launcher . | . . . Special . | . . . Kinetic 24 | 24 . . Thermal 31 | . 14 17 Explosive . | . . . Electromagnetic . | . . . Robot Hit Streak 8 | 8 5 8 Robot Miss Streak 4 | 1 2 4 Penetration Max . | . . . Secondary Targets . | . . . Shots Hit Robots 45 | 19 11 15 Core Hits 17 | 7 4 6 Critical Kills . | . . . Critical Parts Destroyed 3 | . 1 2 Critical Strikes 3 | . 1 2 Smash 3 | . 1 2 Melee Attacks 11 | . 4 7 Impact 11 | . 4 7 Slashing . | . . . Piercing . | . . . Sneak Attacks 1 | . 1 . Combat Hostiles . | . . . Follow-up Attacks . | . . . Damage Inflicted 934 | 153 320 461 Guns 424 | 153 127 144 Cannons . | . . . Explosions . | . . . Melee 510 | . 193 317 Ramming . | . . . Kinetic 153 | 153 . . Thermal 271 | . 127 144 Explosive . | . . . Electromagnetic . | . . . Impact 510 | . 193 317 Slashing . | . . . Piercing . | . . . Highest Corruption . | . . . Average Corruption . | . . . Corruption Purged . | . . . Corruption Blocked . | . . . Overload Shots . | . . . Overflow Damage 169 | . 36 133 Projectiles . | . . . Explosions . | . . . Melee 169 | . 36 133 Knockbacks 1 | . . 1 Impact 1 | . . 1 Kinetic . | . . . Secondary . | . . . Self-Inflicted Damage . | . . . Shots . | . . . Rammed . | . . . Targets Rammed . | . . . Kicked . | . . . Crushed . | . . . Highest Temperature 231 | . 231 202 Average Temperature 85 | . 85 86 Received Heat Transfer 144 | . 30 114 Siege Activations . | . . . Robots Corrupted 2 | . 1 1 Combat Hostiles 1 | . . 1 Parts Fried 4 | . 2 2 Impact Corruptions 5 | . 2 3 Robots Melted . | . . . Combat Hostiles . | . . . Parts Melted 1 | . 1 . Heat Transferred 666 | . 296 370 Parts Sabotaged . | . . . Parts Stolen . | . . . Parts Stripped . | . . . Power Chain Reactions . | . . . Alert | -11 -10 -10 ------- Run | Yrd Mat Min Peak Influence 105 | 20 104 105 Initial 40 | . 13 40 Average 48 | 9 52 72 Maximum Alert Level . | . . . Low Security (%) 100 | 100 100 100 Level 1 . | . . . Level 2 . | . . . Level 3 . | . . . Level 4 . | . . . Level 5 . | . . . High Security . | . . . Max Security . | . . . Squads Dispatched . | . . . Investigation . | . . . Extermination . | . . . Reinforcement . | . . . Assault . | . . . Garrison . | . . . Intercept . | . . . Searches Triggered . | . . . Construction Impeded . | . . . Haulers Reinforced . | . . . Active Scanning Responses . | . . . Cargo Convoy Interrupts . | . . . Stealth | -11 -10 -10 --------- Run | Yrd Mat Min Distress Signals 3 | . 1 2 Communications Jammed . | . . . Distress Signals . | . . . Times Spotted 12 | . 6 6 Peak Tracking Total 2 | . 2 2 Tactical Retreats 1 | . . 1 Traps | -11 -10 -10 ------- Run | Yrd Mat Min Traps Triggered . | . . . Indirectly . | . . . Trap Hack Attempts . | . . . Triggered . | . . . Disarmed . | . . . Reprogrammed . | . . . Reused . | . . . Traps Extracted . | . . . Installed . | . . . Triggered . | . . . Machines | -11 -10 -10 ---------- Run | Yrd Mat Min Machines Disabled . | . . . Max in Single Turn . | . . . Machines Repaired . | . . . Machines Dismantled . | . . . Machines Sabotaged . | . . . Overloaded Fab Kills . | . . . Hacking | -11 -10 -10 --------- Run | Yrd Mat Min Machines Accessed 2 | . 2 . Terminals 1 | . 1 . Fabricators . | . . . Repair Stations . | . . . Recycling Units 1 | . 1 . Scanalyzers . | . . . Garrison Access . | . . . Total Hacks 5 | . 5 . Successful 3 | . 3 . Failed 2 | . 2 . Catastrophic . | . . . Database Lockouts . | . . . Manual 3 | . 3 . Terminals 3 | . 3 . Fabricators . | . . . Repair Stations . | . . . Recycling Units 2 | . 2 . Scanalyzers . | . . . Garrison Access . | . . . Terminal Hacks . | . . . Fabricator Hacks . | . . . Repair Station Hacks . | . . . Recycling Unit Hacks . | . . . Scanalyzer . | . . . Garrison Access Hacks . | . . . Unauthorized Hacks 3 | . 3 . Terminals 3 | . 3 . Track 1 | . 1 . Operators 1 | . 1 . Skim 1 | . 1 . Fabricators . | . . . Repair Stations . | . . . Recycling Units . | . . . Scanalyzers . | . . . Garrison Access . | . . . Data Cores Recovered . | . . . Used . | . . . Hacking Detections 2 | . 2 . Full Trace Events . | . . . Feedback Events . | . . . Feedback Blocked . | . . . Robot Schematics Acquired . | . . . Robots Built . | . . . Authchips . | . . . Time . | . . . Total Robot Build Rating . | . . . Part Schematics Acquired . | . . . Parts Built . | . . . Authchips . | . . . Time . | . . . Total Part Build Rating . | . . . Parts Repaired . | . . . Time . | . . . Parts Recycled . | . . . Recycled Matter . | . . . Retrieved Matter . | . . . Retrieved Components . | . . . Parts Scanalyzed . | . . . Part Schematics Acquired . | . . . Parts Damaged . | . . . Bothacking | -11 -10 -10 ------------ Run | Yrd Mat Min Used RIF Installer . | . . . Robots Hacked . | . . . Non-combat . | . . . Combat . | . . . Robot Hacks Applied . | . . . Relay Couplers Released . | . . . Fabnet Peak Effective % . | . . . Robots Rewired . | . . . Allies Hacked . | . . . Hacks Repelled . | . . . Allies | -11 -10 -10 -------- Run | Yrd Mat Min Total Allies . | . . . Largest Group . | . . . Highest-Rated Group . | . . . Highest-Rated Ally . | . . . Total Orders . | . . . Ally Attacks . | . . . Total Damage . | . . . Kills . | . . . Allies Corrupted . | . . . Allies Melted . | . . . Intel | -11 -10 -10 ------- Run | Yrd Mat Min Robot Analysis Total . | . . . Derelict Logs Recovered . | . . . Drone Launches . | . . . Drone Recoveries . | . . . Exploration | -11 -10 -10 ------------- Run | Yrd Mat Min Turns Passed 661 | 159 305 197 Spaces Moved 382 | 74 203 105 Core 2 | 2 . . Treads 76 | 72 4 . Legs 304 | . 199 105 Wheels . | . . . Hover . | . . . Flight . | . . . Fastest Speed 50 | 50 120 120 Average Speed 127 | 157 120 120 Slowest Speed 160 | 160 160 120 Overloaded Moves . | . . . Propulsion Burnouts . | . . . Robots Hopped . | . . . Cave-ins Triggered . | . . . Exploration Rate (%) 25 | 3 32 40 Regions Visited 2 Branch Regions 1 Pre-discovered Areas . | . . . Known Exits Taken . | . . . Unknown Exits Taken 2 | 1 1 . Scrap Searched . | . . . Spaces Dug . | . . . Terrain Destroyed . | . . . Melee . | . . . Projectile . | . . . AOE . | . . . Terrain Rammed . | . . . Walls Destroyed . | . . . Machines Disabled . | . . . Actions | -11 -10 -10 --------- Run | Yrd Mat Min Total 482 | 94 242 146 Wait 28 | . 11 17 Move 380 | 73 202 105 Hop . | . . . Pick Up 8 | 2 6 . Fast Attach 11 | 7 4 . Attach 1 | . . 1 Detach . | . . . Swap 8 | . 2 6 Drop 6 | . 6 . Fire 29 | 12 7 10 Melee 11 | . 4 7 Ram . | . . . Kick . | . . . Crush . | . . . Escape Stasis . | . . . Rewire . | . . . Trap . | . . . Miscellaneous . | . . . Route ------- -11/Scrapyard -10/Materials (discovered 2 exits: [*Mat] / [*Min]) -10/Mines History --------- Turn | Location | Event 9 | -11/Scrapyard | Discovered new exit (range 15) 160 | -11/Scrapyard | Entered Materials 303 | -10/Materials | Build established: Mutant 350 | -10/Materials | Discovered new exit (range 9) 384 | -10/Materials | Discovered new exit (range 15) 465 | -10/Materials | Entered Mines 466 | -10/Mines | Assembled infested the area 648 | -10/Mines | Core integrity fell below 50% 651 | -10/Mines | Core integrity fell below 20% 662 | -10/Mines | Destroyed by D-53 Grenadier with Mini Grenade Launcher Last Messages --------------- 00550_ Acquired 40 matter. 00590_ as-44695 suffers critical hit (Smash). 00590_ Destroyed Asb. F-torch. 00590_ as-44695 system corrupted by crushing effect. 00590_ as-44695 destroyed. 00603_ as-03118 suffers critical hit (Smash). 00603_ Destroyed Asb. Hover Unit. 00603_ as-03118 system corrupted by crushing effect. 00604_ as-03118 misfires. 00605_ as-03118 destroyed. 00643_ Imp. Aluminum Leg destroyed. 00645_ The unstable cave ceiling collapses. 00645_ Ion Engine destroyed. 00645_ Lgt. Armor Plating destroyed. 00647_ The unstable cave ceiling collapses. 00659_ Laser Drill disabled. 00660_ The unstable cave ceiling collapses. 00662_ Imp. Aluminum Leg destroyed. Map ----- +----------------------------------------------------+ | ???#####??????????????#####????????????? | | ??## ###??####?????## ###########??? | | ### #### ##????# #??? | | ## #????# #??? | | ##??## #######%#??? | | #### #### ##????## #??? | | ???# ##????## ##?? | | ???# ### % #????## #?? | | ??# ##?## ##???## #?? | | ?# #####???# ###????# #?? | | ?# ##???????# ##??????# #?? | | ?# ####????????# #???????# #?? | | ?# ##???????????## ##??????## #?? | | ?# ??????????????####??????## ##?? | | ?# ???????????????????????## #??? | | ?# ???????????????????????# #??? | | ?# ???????????????????????# ##?? | | ?# ???????????????????????# ##? | | ?# ??????????????????????## #? | | ? ???????? ???????###### #? | | ????????????? ????## #? | | ??????????? ? ### ##? | | ??????????? # #?? | | ?????????? #?? | | ?????????? d # #?? | | ?????????? d@ # ###?? | | ??????????# ##??? | | ??????????# ## ##???? | | ???????????# ???# ###????? | | ???????????# #?????## # ##??????? | | ????????????## ???????? ##???????? | | ?????????????????????? " ????????? | | ????????????????????? "" #???????? | | ???????????????????? ???????? | | ??????????????????? ! ??????? | | ??????????????????## %! ##?????? | | ???????????????????## *? #??????? | | ????????????????????#??? # ##??????? | | ????????????????????????## ###???????? | | ?????????????????????????## #?????????? | | ??????????????????????????? ??????????? | | ???????????????????????????????????????? | | ???????????????????????????????????????? | | ???????????????????????????????????????? | | ???????????????????????????????????????? | | ???????????????????????????????????????? | | ???????????????????????????????????????? | | ???????????????????????????????????????? | | ???????????????????????????????????????? | | ???????????????????????????????????????? | +----------------------------------------------------+ Best States ------------- Heat Dissipation 25 Energy Generation 10 Energy Capacity 250 Matter Stores 300 Matter Capacity 300 Sight Range 16 Terrain Scan Density 10 Armor Coverage 150 Evasion (%) 55 Recoil Reduction 2 Item Schematics ----------------- None Robot Schematics ------------------ None Fabricated ------------ Nothing Alien Tech Used ----------------- None Achievements -------------- None Challenges ------------ None Game ------ Seed StealthMetafieldShockpuncher Manual? 0 Play Time 00:08:06 Cumulative 378.2 hours Start 2024.09.29 @ 01:02:19 End 2024.09.29 @ 01:08:25 Sessions 1 Manual Loads 0 Difficulty Rogue Special Mode None Game No. 379 Rogue 374 Adventurer 5 Explorer 0 Win Type - Total 8 Types 5/0/0/3/0/0/0/0/0 Lore% 79 Gallery% 84 Achievement% 71 Wizard Run 0 Options --------- Layout 1 ASCII 0 Keyboard 0 Movement Mouse Keybinds 0 Fullscreen 1 Font 24/Terminus Map View 50x35 Zoom Use 0% Tactical HUD 1 Map Filters NONE Filters NONE Steam 1 RUN: 950f1fd5-5704-4d9d-acf4-3f329fd8db5e